 Dungeon Crawl Stone Soup version 0.23.1 (webtiles) character file.

Game seed: 8129051926335358939

5965 Borgoz the Sneak (level 10, -21/81 HPs)
             Began as a Ghoul Enchanter on Mar 4, 2019.
             Was an Initiate of Ashenzari.
             Demolished by an orc knight
             ... wielding a +0 glaive
              (50 damage)
             ... in a bailey.
             The game lasted 00:32:21 (11981 turns).

Borgoz the Sneak (Ghoul Enchanter)                 Turns: 11981, Time: 00:32:21

Health: -21/81     AC: 10    Str: 17      XL:     10   Next: 84%
Magic:  16/16      EV: 16    Int: 15 (16) God:    Ashenzari [......]
Gold:   719        SH:  2    Dex: 14      Spells: 12/18 levels left

rFire    . . .     SeeInvis .   z - +0 rapier
rCold    + . .     Gourm    .   (no shield)
rNeg     + + +     Faith    .   v - +4 robe of Augmentation {Str+4 Int+4 Dex+4} (curse)
rPois    ∞         Spirit   .   e - +0 helmet
rElec    .         Reflect  +   f - +0 cloak (curse)
rCorr    .         Harm     .   l - +1 pair of gloves (curse)
MR       .....                  (no boots)
Stlth    ++++......             y - +2 amulet of reflection
HPRegen  0.00/turn              (no ring)
MPRegen  0.15/turn              (no ring)

@: rotting, hasted, very quick
A: rotting body, claws 1, carnivore, cold resistance 1, negative energy
resistance 3, inhibited regeneration, torment resistance, unbreathing
a: Curse Item, Renounce Religion


You were in a bailey.
You worshipped Ashenzari.
Ashenzari was noncommittal.
You were not hungry.

You visited 2 branches of the dungeon, and saw 10 of its levels.
You also visited: Ossuary and Bailey.

You collected 774 gold pieces.
You spent 55 gold pieces at shops.

Inventory:

Hand Weapons
 z - a +0 rapier (weapon)
 C - a +6 whip of venom
Missiles
 k - 9 poisoned needles
Armour
 e - a +0 helmet (worn)
 f - a cursed +0 cloak (worn)
 l - a cursed +1 pair of gloves (worn)
 v - the cursed +4 robe of Augmentation (worn) {Str+4 Int+4 Dex+4}
   (You found it on level 4 of the Dungeon)

   It affects your strength (+4).
   It affects your intelligence (+4).
   It affects your dexterity (+4).
   It has a curse placed upon it.
Jewellery
 o - an uncursed ring of ice
 y - a +2 amulet of reflection (around neck)
Scrolls
 a - 2 scrolls of blinking {unknown}
 b - a scroll of acquirement {unknown}
 c - 2 scrolls of fog {unknown}
 g - 8 scrolls of enchant armour
 h - 3 scrolls of amnesia
 i - 4 scrolls of remove curse
 r - 4 scrolls of enchant weapon {unknown}
 t - 4 scrolls of teleportation
 u - 3 scrolls of magic mapping
 w - 2 scrolls of immolation {unknown}
Potions
 j - 2 potions of curing
 m - a potion of haste
 p - a potion of cancellation
 q - 3 potions of brilliance
 s - 2 potions of might
 A - 3 potions of heal wounds
 B - a potion of flight
Comestibles
 d - 13 rations


   Skills:
 + Level 5.5 Fighting
 * Level 7.0 Short Blades
 * Level 7.1 Dodging
 + Level 7.3 Stealth
 + Level 4.8 Spellcasting
 * Level 6.7 Hexes


You had 12 spell levels left.
You knew the following spells:

 Your Spells              Type           Power        Failure   Level  Hunger
a - Corona                Hex            ###....      1%          1    None
b - Ensorcelled Hibernat  Hex/Ice        ##....       6%          2    ##.....
c - Confuse               Hex            ###.....     3%          3    ###....

Your spell library contained the following spells:

 Spells                   Type           Power        Failure   Level  Hunger
 Tukima's Dance           Hex            ###.....     3%          3    ###....
 Dazzling Spray           Conj/Hex       ##....       13%         3    ###....
 Shock                    Conj/Air       #...         17%         1    None
 Swiftness                Chrm/Air       #.......     26%         2    ##.....
 Static Discharge         Conj/Air       #.......     45%         3    ###....
 Airstrike                Air            #.........   86%         4    ####...
 Lightning Bolt           Conj/Air       #.........   99%         5    ######.


Dungeon Overview and Level Annotations

Branches:
Dungeon (9/15)             Temple (1/1) D:6
   Lair: D:8-11         Orc: D:9-12

Altars:
Ashenzari
Cheibriados
Dithmenos
Elyvilon
Fedhas
Gozag
Hepliaklqana
Kikubaaqudgha
Makhleb
Nemelex Xobeh
Okawaru
Qazlal
Ru
Sif Muna
Trog
Uskayaw
Vehumet
Wu Jian
Xom
Yredelemnul
Zin
The Shining One

Shops:
D:4 ?

Annotations:
D:3 3 runed translucent doors, Curus's ghost, amateur MiAK; Lanoc's ghost, amateur OpFE; Rwicked's ghost, amateur OpFE; bmj180's ghost, amateur MiFi; grocchini's ghost, amateur VSFi
D:8 Grum
D:9 exclusion: obsidian statue


Innate Abilities, Weirdness & Mutations

Your body is rotting away.
You thrive on raw meat.
You are immune to poison.
You have sharp fingernails.
You are carnivorous and can eat meat at any time.
Your flesh is cold resistant. (rC+)
You are immune to negative energy. (rN+++)
You do not regenerate when monsters are visible.
You are immune to unholy pain and torment.
You can survive without breathing.


Message History

* * * LOW HITPOINT WARNING * * *
The gnoll closely misses you.
Okay, then.
You feel much better. The gnoll barely misses you. The orc knight misses you.
It was a potion of berserk rage.
You cannot raise a blood rage in your lifeless body.
The gnoll closely misses you. The gnoll misses you.
You feel yourself speed up.
The orc warrior dissolves into shadows!
The orc knight misses you. The gnoll hits you with a +0 halberd!
The gnoll completely misses you.
The gnoll dissolves into shadows!
The orc knight roars a battlecry!
The orcs go into a battle-frenzy!
The orc knight roars a battlecry!
The orc knight goes into a battle-frenzy!
Found a gate leading back out of this place.
The orc knight closely misses you.
The orc knight hits you from afar with a +0 glaive!!!
Ouch! That really hurt!
You die...

######
##..∩..##
#.......#
#.......#
#.......#
#.......#
#......@#
#.....o.#
#.....o.#
#......o#
#......g#
#.......#
##.....##
#'''o'#
##.....##


You could see 2 orc knights, a gnoll and 2 orcs.

Vanquished Creatures
  A two-headed ogre (D:8)
  2 orc knights (Bailey)
  A hippogriff (D:7)
  A hungry ghost (D:8)
  9 orc warriors
  2 sky beasts
  3 ice beasts
  A black bear (D:7)
  5 ogres
  A wolf (D:8)
  4 centaurs
  3 bullfrogs
  2 scorpions
  4 killer bees
  3 wights (D:8)
  3 crimson imps
  A centaur zombie (D:5)
  A centaur skeleton (D:6)
  7 hounds
  2 orc wizards
  4 orc priests
  A bullfrog skeleton (D:7)
  5 iguanas
  11 worker ants
  A big kobold zombie (Ossuary)
  8 mummies (Ossuary)
  2 worker ant zombies
  4 gnolls (D:3)
  8 adders
  A howler monkey skeleton (D:6)
  2 shadow imps
  A white imp (D:6)
  2 oozes
  2 adder skeletons
  3 worms
  2 dart slugs
  2 leopard geckos
  38 orcs
  4 bats
  A giant cockroach (D:2)
  A gnoll zombie (Ossuary)
  3 goblins
  6 hobgoblins
  11 jackals
  6 kobolds
  3 quokkas
  2 ball pythons (D:3)
  2 frilled lizards
  3 hobgoblin zombies (Ossuary)
  A jackal zombie (D:8)
  A leopard gecko zombie (D:7)
  3 orc zombies (Ossuary)
  A quokka zombie (D:5)
  6 rats
207 creatures vanquished.

Notes
Turn   | Place    | Note
-------+----------+-------------------------------------------
     0 | D:1      | Borgoz the Ghoul Enchanter began the quest for the Orb.
     0 | D:1      | Reached XP level 1. HP: 14/14 MP: 2/2
   624 | D:1      | Reached XP level 2. HP: 5/20 MP: 1/3
   847 | D:1      | Learned a level 2 spell: Ensorcelled Hibernation
  1137 | D:3      | Found a radiant altar of Vehumet.
  1256 | D:2      | Noticed a moth of wrath
  1259 | D:2      | Found a bloodstained altar of Trog.
  1304 | D:2      | Reached XP level 3. HP: 22/26 MP: 0/5
  1458 | D:2      | Reached skill level 1 in Short Blades
  1619 | D:2      | Learned a level 3 spell: Confuse
  2022 | D:2      | HP: 1/25 [worm (7)]
  2639 | D:1      | Reached XP level 4. HP: 15/32 MP: 4/6
  2713 | D:3      | Found an iron altar of Okawaru.
  2945 | D:3      | Found a snail-covered altar of Cheibriados.
  2971 | D:3      | Found a glowing golden altar of the Shining One.
  3354 | D:3      | Found an ornate altar of the Wu Jian Council.
  3534 | D:3      | Found a runed translucent gate.
  3535 | D:3      | Found a runed translucent gate.
  3535 | D:3      | Found a runed translucent gate.
  3536 | D:3      | Noticed Lanoc's ghost (amateur OpFE)
  3537 | D:3      | Noticed grocchini's ghost (amateur VSFi)
  3537 | D:3      | Noticed Rwicked's ghost (amateur OpFE)
  3537 | D:3      | Noticed Curus's ghost (amateur MiAK)
  3537 | D:3      | Noticed bmj180's ghost (amateur MiFi)
  3641 | D:3      | Reached XP level 5. HP: 5/39 MP: 2/7
  3949 | D:5      | Entered Level 5 of the Dungeon
  3971 | D:4      | Found the +4 robe of Augmentation {Str+4 Int+4 Dex+4}
  4010 | D:4      | Reached skill level 1 in Fighting
  4264 | D:4      | Noticed an ogre
  4529 | D:4      | Reached XP level 6. HP: 32/47 MP: 3/8
  5178 | D:4      | Reached XP level 7. HP: 47/53 MP: 8/10
  5515 | D:4      | Found Mituontu's Magic Scroll Shoppe.
  5518 | D:4      | Bought a scroll of identify for 22 gold pieces
  5518 | D:4      | Bought a scroll of teleportation for 33 gold pieces
  6332 | D:5      | Reached XP level 8. HP: 54/61 MP: 9/11
  6543 | D:5      | Reached skill level 5 in Stealth
  6893 | D:5      | Found a sacrificial altar of Ru.
  7016 | D:5      | Found an opulent altar of Gozag.
  7065 | D:5      | Found a hide-covered altar of Uskayaw.
  7112 | D:5      | Found a stormy altar of Qazlal.
  7117 | D:5      | Found a shimmering altar of Xom.
  8043 | D:6      | Reached XP level 9. HP: 62/70 MP: 13/13
  8051 | D:6      | Reached skill level 5 in Dodging
  8120 | D:6      | Reached skill level 5 in Short Blades
  8153 | D:6      | Found a staircase to the Ecumenical Temple.
  8206 | Temple   | Entered the Ecumenical Temple
  8276 | Temple   | Became a worshipper of Ashenzari the Shackled
  8526 | D:7      | Reached skill level 5 in Hexes
  9299 | D:7      | Found a glowing silver altar of Zin.
  9505 | D:8      | Found a sand-covered staircase.
  9511 | Ossuary  | Entered an ossuary
 10567 | D:8      | Noticed a two-headed ogre
 10568 | D:8      | Noticed Grum
 10594 | D:8      | Reached XP level 10. HP: 78/79 MP: 8/15
 10999 | D:9      | Noticed an obsidian statue
 11147 | D:8      | Killed a two-headed ogre
 11147 | D:8      | Reached skill level 5 in Fighting
 11408 | D:9      | Found a flagged portal.
 11422 | Bailey   | Entered a bailey
 11643 | Bailey   | Noticed an orc knight
 11708 | Bailey   | Killed an orc knight
 11752 | Bailey   | Noticed an orc knight
 11806 | Bailey   | Killed an orc knight
 11973 | Bailey   | Noticed an orc knight
 11974 | Bailey   | Noticed an orc knight
 11981 | Bailey   | Demolished by an orc knight

Skill      XL: |  1  2  3  4  5  6  7  8  9 10 |
---------------+-------------------------------+-----
Dodging        | 2 3 4 6 7 |  7.1
Spellcasting   | 2 3 4 |  4.8
Short Blades   | 1 2 3 4 6 7 |  7.0
Hexes          | 3 4 5 6 |  6.7
Fighting       | 1 2 3 4 5 |  5.5
Stealth        | 4 5 6 7 |  7.3

Action                   |  1- 3 |  4- 6 |  7- 9 | 10-12 || total
-------------------------+-------+-------+-------+-------++-------
Melee: Dagger            |   143 |   200 |    65 |       ||   408
       Rapier            |       |       |   431 |   201 ||   632
 Cast: Corona            |     1 |       |     5 |       ||     6
       Ensorcelled Hiber |    12 |    23 |    66 |    16 ||   117
       Confuse           |       |       |     2 |    12 ||    14
Invok: Curse Item        |       |       |     1 |     2 ||     3
  Use: Potion            |     1 |     2 |     1 |    19 ||    23
       Scroll            |       |       |    14 |     5 ||    19
 Stab: Sleeping          |     8 |    12 |    42 |     9 ||    71
       Invisible         |     2 |       |       |    14 ||    16
       Confused          |       |       |     1 |     4 ||     5
       Distracted        |       |       |       |     2 ||     2
  Eat: Chunk             |    17 |    12 |    32 |    32 ||    93
Armor: Robe              |    30 |    63 |   137 |    42 ||   272
Dodge: Dodged            |    91 |   125 |   317 |   234 ||   767
Block: Other             |       |       |       |    16 ||    16
